 Dungeon Crawl Stone Soup version 0.31-a0-217-g58bb5d79cf (webtiles) character file.

Game seed: 16428116767186399665

14 qw the Shooter (level 2, -5/16 HPs)
             Began as a Gargoyle Hexslinger on July 2, 2023.
             Engulfed by a cloud of steam (10 damage)
             ... on level 1 of the Dungeon.
             The game lasted 00:00:08 (457 turns).

qw the Shooter (Gargoyle Hexslinger)                 Turns: 457, Time: 00:00:09

Health: -5/16      AC:  4    Str: 11    XL:     2   Next: 41%
Magic:  3/3        EV: 12    Int: 13    God:
Gold:   41         SH:  0    Dex: 12    Spells: 2/3 levels left

rFire   . . .        Y - +1 sling
rCold   . . .        (no shield)
rNeg    + + .        c - +0 robe
rPois   inf          (no helmet)
rElec   +            (no cloak)
rCorr   .            (no gloves)
SInv    .            (no boots)
Will    .....        (no amulet)
Stlth   +            f - ring of positive energy
HPRegen 0.22/turn    (no ring)
MPRegen 0.08/turn

%: no passive effects
@: very slow
A: sickness immunity, AC +2, negative energy resistance 1, electricity
resistance, torment resistance 1, petrification resistance
a: no special abilities


You were on level 1 of the Dungeon.
You visited 1 branch of the dungeon, and saw 2 of its levels.

You collected 41 gold pieces.


Innate Abilities, Weirdness & Mutations

You are immune to sickness and miasma.
Your stone body is resilient. (AC +2)
You are immune to poison.
You resist negative energy. (rN+)
You are resistant to electric shocks. (rElec)
You are resistant to unholy torment.
You are immune to petrification.


   Skills:
 + Level 1.1 Fighting
 - Level 3.0 Ranged Weapons
 - Level 1.5 Dodging
 - Level 1.0 Spellcasting
 - Level 2.6 Hexes


You had 2 spell levels left.
You knew the following spells:

 Your Spells              Type           Power      Damage    Failure   Level
a - Slow                  Hex            28%        N/A       10%         1

Your spell library contained the following spells:

 Spells                   Type           Power      Damage    Failure   Level
 Inner Flame              Hex/Fire       4%         N/A       43%         3
 Portal Projectile        Hex/Tloc       8%         N/A       43%         3
 Cause Fear               Hex            3%         N/A       67%         4

Inventory:

Hand Weapons
 Y - a +1 sling (weapon)
Armour
 c - a +0 robe (worn)
Jewellery
 f - a ring of positive energy (left hand)
Potions
 e - a potion of ambrosia {unknown}

Dungeon Overview and Level Annotations

Branches:
Dungeon (2/15)

Altars:


Message History

Enter note:
Enter note:
Enter note:
Enter note:
Enter note:
Enter note:
Enter note:
Enter note: The bat closely misses you.
Enter note:
Enter note:
Enter note:
Enter note:
Enter note:
Enter note:
Enter note:
Enter note:
Enter note: You shoot a sling bullet.
The sling bullet hits the frilled lizard!
The frilled lizard explodes!
The fiery explosion engulfs you!
Ouch! That really hurt!
The fiery explosion engulfs the plant!!
The plant begins to die.
The plant is lightly damaged.
The fiery explosion engulfs the plant!!
The plant begins to die.
The plant is lightly damaged.
The fiery explosion engulfs the bat!!
The fiery explosion engulfs the plant!
The plant begins to die.
The plant is lightly damaged.
The bat explodes!
The fiery explosion engulfs the plant!!
The plant is moderately damaged.
The fiery explosion engulfs the plant!!
The plant begins to die.
The plant is lightly damaged.
The fiery explosion engulfs the plant!!
The plant begins to die.
The plant is lightly damaged.
You are engulfed in a cloud of scalding steam.
Ouch! That really hurt!
You die...

####### 777#
......######## ##7P~~7
#####.##.....##~~~~P~77
#.##......P77~~~~~7~
#####.##......~7~~~P~~~P
....#.##.....77P~~P~~~~~
#...#.##.....~~~@PP~P~P~
##..#.####.#.~7PP¤¤~~~7~
~##.#.# #.##P7P¤¤¤~~~~~
~~#...# #.#7~~PPP¤~~~~P
P~#.### #.#77~~~~~~~~~P
~~#.# #..P7~~~~~~~~~~
~##.# ####.#77~P~~~~~~~~
##..# #.....~~~P~~~~~~~~
#...# #.##.#P7~~~~


There were no monsters in sight!

Vanquished Creatures
  2 endoplasms (D:1)
  3 goblins
  3 hobgoblins (D:1)
  A quokka (D:2)
  A ball python (D:1)
  A bat (D:1)
  A frilled lizard (D:1)
  A rat (D:1)
13 creatures vanquished.

Notes
Turn   | Place    | Note
-------+----------+-------------------------------------------
     0 | D:1      | qw the Gargoyle Hexslinger began the quest for the Orb.
     0 | D:1      | Reached XP level 1. HP: 12/12 MP: 2/2
     0 | D:1      | 0 ||| qw: Version: 0.3-a-40-ge99b1a8
     0 | D:1      | 0 ||| qw: Game counter: 276
     0 | D:1      | 0 ||| qw: Melee chars always use a shield: true
     0 | D:1      | 0 ||| qw: God list: Okawaru
     0 | D:1      | 0 ||| qw: Allow faded altars: false
     0 | D:1      | 0 ||| qw: Do Orc after clearing Dungeon:15 true
     0 | D:1      | 0 ||| qw: Do second Lair branch before Depths: true
     0 | D:1      | 0 ||| qw: Lair rune preference: random
     0 | D:1      | 0 ||| qw: Goals: Normal
     0 | D:1      | 0 ||| PLANNING D:1-11
    75 | D:1      | You fall into a shaft and drop 1 floor!
    94 | D:2      | 94 ||| UPGRADING to ring of positive energy.
    95 | D:2      | 95 ||| READING scroll labelled GAOV UTSEEPT.
    96 | D:2      | 96 ||| DROPPING scroll of poison.
   103 | D:2      | 103 ||| FLEEEEING.
   104 | D:2      | 104 ||| FLEEEEING.
   105 | D:2      | 105 ||| FLEEEEING.
   106 | D:2      | 106 ||| FLEEEEING.
   107 | D:2      | 107 ||| STAIRDANCE
   114 | D:1      | Reached XP level 2. HP: 10/16 MP: 3/3
   347 | D:1      | Reached skill level 3 in Ranged Weapons
   454 | D:1      | 454 ||| READING scroll labelled CIDAJIN YHEGOE.
   457 | D:1      | Engulfed by a cloud of steam

Levels and vault maps discovered:
D:1:      lightli_arrival_statuegarden, layout_loops_corners,
          serial_bayou_lake_a
D:2:      layout_rooms, serial_shops, nicolae_shop_rolled_up, uniq_sigmund

Skill      XL: |  1  2 |
---------------+-------+-----
Ranged Weapons | 3 |  3.0
Fighting       | |  1.1
Dodging        | |  1.5
Spellcasting   | |  1.0
Hexes          | |  2.6

Action                     || total
---------------------------++-------
   Fire: Sling             ||    26
    Use: Scroll            ||     2
 Armour: Robe              ||     2
  Dodge: Dodged            ||     4

Table legend:
 A = Non-vault XP
 B = Vault XP
 C = Vault XP percentage of total XP
 D = Non-vault monster count
 E = Vault monster count
 F = Vault count percentage of total count
                 A         B        C        D         E       F
            +---------+---------+-------+---------+---------+-------
      Total |      22 |       0 |   0.0 |      13 |       0 |   0.0
            +---------+---------+-------+---------+---------+-------
        D:1 |      18 |       0 |   0.0 |      11 |       0 |   0.0
        D:2 |       4 |       0 |   0.0 |       2 |       0 |   0.0
            +---------+---------+-------+---------+---------+-------
